 Dungeon Crawl Stone Soup version 0.28-b1-25-g9875b3fc8c (webtiles) character file.

Game seed: 7082030229173232818

24 Spolavi the Digger (level 3, -5/19 HPs)
             Began as a Gargoyle Earth Elementalist on Feb 5, 2022.
             Slain by Sigmund (12 damage)
             ... on level 2 of the Dungeon.
             The game lasted 00:04:13 (1500 turns).

Spolavi the Digger (Gargoyle Earth Elementalist)    Turns: 1500, Time: 00:04:14

Health: -5/19      AC:  6    Str: 11    XL:     3   Next: 2%
Magic:  0/6        EV: 11    Int: 17    God:
Gold:   25         SH:  0    Dex: 10    Spells: 2/6 levels left

rFire   . . .      SeeInvis .   g - staff of cold
rCold   + . .      Faith    .   (no shield)
rNeg    + . .      Spirit   .   b - +0 robe
rPois   ∞          Reflect  .   h - +0 helmet
rElec   +          Harm     .   (no cloak)
rCorr   .          Rampage  .   (no gloves)
Will    .....                   (no boots)
Stlth   ++........              (no amulet)
HPRegen 0.06/turn               (no ring)
MPRegen 0.10/turn               (no ring)

@: no status effects
A: sickness immunity, AC +3, negative energy resistance 1, electricity
resistance, torment resistance 1, petrification resistance
a: no special abilities


You were on level 2 of the Dungeon.
You visited 1 branch of the dungeon, and saw 2 of its levels.

You collected 25 gold pieces.

Inventory:

Hand Weapons
 d - a +0 quarterstaff
Missiles
 c - 29 stones
Armour
 b - a +0 robe (worn)
 h - a +0 helmet (worn)
Magical Staves
 g - a staff of cold (weapon)
Scrolls
 f - a scroll of immolation {unknown}
 j - 2 scrolls of blinking {unknown}
 k - a scroll of magic mapping {unknown}
 l - 3 scrolls of fog {unknown}
 m - a scroll of teleportation {unknown}
Potions
 a - a potion of degeneration {unknown}
 e - 2 potions of attraction {unknown}
 i - a potion of curing {unknown}


   Skills:
 - Level 1.5 Dodging
 - Level 2.1 Stealth
 + Level 2.3 Spellcasting
 - Level 1.0 Transmutations
 + Level 4.5 Earth Magic


You had 2 spell levels left.
You knew the following spells:

 Your Spells              Type           Power      Damage    Failure   Level
a - Sandblast             Erth           34%        2d9       2%          1
b - Stone Arrow           Conj/Erth      18%        3d8       22%         3

Your spell library contained the following spells:

 Spells                   Type           Power      Damage    Failure   Level
 Passwall                 Tmut/Erth      9%         N/A       9%          2
 Petrify                  Tmut/Erth      11%        N/A       52%         4


Dungeon Overview and Level Annotations

Branches:
Dungeon (2/15)

Altars:

Annotations:
D:2 Sigmund


Innate Abilities, Weirdness & Mutations

You are immune to sickness and miasma.
Your stone body is resilient. (AC +3)
You are immune to poison.
You resist negative energy. (rN+)
You are resistant to electric shocks. (rElec)
You are resistant to unholy torment.
You are immune to petrification.


Message History

Press: ? - help, Shift-Dir - straight line, f/p - Sigmund
Aim: Sigmund, wielding a +0 scythe and wearing a +0 robe (lightly wounded, 77% to hit)
The blast of sand hits Sigmund!
Sigmund is moderately wounded.
Sigmund closely misses you.
Casting: Sandblast (safe; 2% risk of failure)
Confirm with . or Enter, or press ? or * to list all spells.
Aiming: Sandblast (safe; 2% risk of failure)
Press: ? - help, Shift-Dir - straight line, f/p - Sigmund
Aim: Sigmund, wielding a +0 scythe and wearing a +0 robe (moderately wounded, 77% to hit)
The blast of sand hits Sigmund but does no damage.
Sigmund is moderately wounded.
Sigmund hits you but does no damage.
Casting: Sandblast (safe; 2% risk of failure)
Confirm with . or Enter, or press ? or * to list all spells.
Aiming: Sandblast (safe; 2% risk of failure)
Press: ? - help, Shift-Dir - straight line, f/p - Sigmund
Aim: Sigmund, wielding a +0 scythe and wearing a +0 robe (moderately wounded, 77% to hit)
The blast of sand misses Sigmund.
You barely miss Sigmund.
Sigmund is moderately wounded.
Sigmund misses you.
You hit Sigmund.
Sigmund is heavily wounded.
Sigmund hits you with a +0 scythe!
You barely miss Sigmund.
Sigmund is heavily wounded.
Sigmund barely misses you.
You hit Sigmund.
Sigmund is severely wounded.
Casting: Sandblast (safe; 2% risk of failure)
Confirm with . or Enter, or press ? or * to list all spells.
Aiming: Sandblast (safe; 2% risk of failure)
Press: ? - help, Shift-Dir - straight line, f/p - Sigmund
Aim: Sigmund, wielding a +0 scythe and wearing a +0 robe (severely wounded, 77% to hit)
The blast of sand hits Sigmund.
Sigmund is severely wounded.
Sigmund hits you with a +0 scythe!
Ouch! That really hurt!
You die...

........##.##.####.##...#
...........##.####.##...#
...........+<......##...# .
...........#............#...
..#........#..#...##.........
..+........#..#.......#......
. . #..#.......#+#.... .
##.#..#..............
........@............
.......@####.........
....................
....................
#..#....##.#......#.
....................
................##..
#..#.###.#...@### .. #+###
.........


You could see Sigmund.

Vanquished Creatures
  A dart slug (D:1)
  4 bats (D:1)
  2 endoplasms (D:1)
  3 giant cockroaches (D:1)
  A goblin (D:2)
  A hobgoblin (D:2)
  A quokka (D:1)
  A frilled lizard (D:2)
  3 kobolds (D:1)
  3 rats (D:1)
20 creatures vanquished.

Notes
Turn   | Place    | Note
-------+----------+-------------------------------------------
     0 | D:1      | Spolavi the Gargoyle Earth Elementalist began the quest for
                  | the Orb.
     0 | D:1      | Reached XP level 1. HP: 10/10 MP: 3/3
   357 | D:1      | Reached skill level 1 in Transmutations
   357 | D:1      | Reached skill level 4 in Earth Magic
   357 | D:1      | Reached XP level 2. HP: 14/15 MP: 1/5
  1307 | D:2      | Reached XP level 3. HP: 12/19 MP: 6/6
  1311 | D:2      | Learned a level 3 spell: Stone Arrow
  1477 | D:2      | Noticed Sigmund
  1500 | D:2      | Slain by Sigmund

Illustrated notes

Levels and vault maps discovered:
D:1:      giann_horns, layout_basic
D:2:      layout_basic, shapermc_ecumenical_altar_petra, kennysheep_potato,
          uniq_sigmund

Skill      XL: |  1 |
---------------+----+-----
Transmutations | 1 |  1.0
Earth Magic    | 4 |  4.5
Dodging        | |  1.5
Stealth        | |  2.1
Spellcasting   | |  2.3

Action                   || total
-------------------------++-------
Melee: Unarmed           ||    22
       Quarterstaff      ||     8
       Staff             ||    45
       Punch             ||     1
 Cast: Sandblast         ||    17
 Stab: Sleeping          ||     3
Armor: Robe              ||    30
Dodge: Dodged            ||    49
